 Dungeon Crawl Stone Soup version 0.32-a0-22-g6ae6769602 (webtiles) character file.

Game seed: 10174040091477564048

248 senseless the Ruffian (level 6, -7/70 HPs)
             Began as a Gnoll Shapeshifter on Jan 18, 2024.
             Mangled by an orc warrior
             ... wielding a +0 battleaxe
              (12 damage)
             ... on level 4 of the Dungeon.
             The game lasted 00:08:49 (3543 turns).

senseless the Ruffian (Gnoll Shapeshifter)          Turns: 3543, Time: 00:08:49

Health: -7/70      AC: 23    Str: 15    XL:     6   Next: 12%
Magic:  4/8        EV:  2    Int:  9    God:
Gold:   161        SH:  0    Dex: 12    Spells: 7/8 levels left

rFire   . .          .
                       - Unarmed
rCold   . . .        (no shield)
rNeg    . . .        h - melded +0 leather armour
rPois   +            (helmet currently unavailable)
rElec   .            (cloak currently unavailable)
rCorr   .            (gloves currently unavailable)
SInv    .            (boots currently unavailable)
Will    .....        (no amulet)
Stlth   ++           q - ring of flight
HPRegen 0.31/turn    (no ring)
MPRegen 0.11/turn

%: no passive effects
@: tree-form
A: stationary, stasis, torment immunity, boosted hp, (fangs 1), strong nose,
distributed training
a: no special abilities


You were on level 4 of the Dungeon.
You were a tree.
You visited 1 branch of the dungeon, and saw 4 of its levels.

You collected 161 gold pieces.

Inventory:

Hand Weapons
 y - a +0 mace
 A - a +0 dagger of draining
Missiles
 l - a throwing net
 B - 6 poisoned darts
Armour
 a - a +0 animal skin
 h - a +0 leather armour (melded)
 k - a +0 pair of gloves
 o - a +0 pair of boots
 t - a +0 pair of gloves
Jewellery
 q - a ring of flight (left branch)
Talismans
 c - a beast talisman (active)
 d - a flux talisman
 p - a dragon-blood talisman
 E - a serpent talisman
Wands
 r - a wand of iceblast (2)
Scrolls
 j - a scroll of enchant weapon {unknown}
 m - 5 scrolls of identify {unknown}
 n - a scroll of immolation {unknown}
 u - 4 scrolls of revelation {unknown}
 w - a scroll of teleportation {unknown}
 z - 4 scrolls of enchant armour {unknown}
 C - a scroll of vulnerability {unknown}
 D - a scroll of silence {unknown}
Potions
 b - 3 potions of lignification
 e - a potion of degeneration {unknown}
 f - a potion of resistance {unknown}
 g - a potion of enlightenment {unknown}
 i - 2 potions of mutation {unknown}
 s - a potion of invisibility {unknown}
 v - a potion of cancellation {unknown}
 x - a potion of might {unknown}


   Skills:
 + Level 3.2 Fighting
 + Level 1.9 Short Blades
 + Level 1.9 Long Blades
 + Level 1.9 Axes
 + Level 1.9 Maces & Flails
 + Level 1.9 Polearms
 + Level 1.9 Staves
 + Level 1.9 Ranged Weapons
 + Level 1.9 Throwing
 + Level 1.9 Armour
 + Level 4.9 Dodging
 + Level 1.9 Stealth
 + Level 1.9 Shields
 + Level 6.8 Unarmed Combat
 + Level 1.9 Spellcasting
 + Level 1.5 Conjurations
 + Level 1.5 Hexes
 + Level 1.5 Summonings
 + Level 1.5 Necromancy
 + Level 1.5 Translocations
 + Level 1.5 Fire Magic
 + Level 1.5 Ice Magic
 + Level 1.5 Air Magic
 + Level 1.5 Earth Magic
 + Level 1.5 Alchemy
 + Level 2.1 Invocations
 + Level 1.9 Evocations
 + Level 6.7 Shapeshifting


You had 7 spell levels left.
You knew the following spells:

 Your Spells              Type           Power      Damage    Failure   Level
a - Magic Dart            Conj           12%        1d3       19%         1

Your spell library contained the following spells:

 Spells                   Type           Power      Damage    Failure   Level
 Blink                    Tloc           6%         N/A       28%         2
 Call Imp                 Summ           6%         N/A       28%         2
 Manifold Assault         Tloc           3%         N/A       88%         4
 Summon Forest            Summ/Tloc      1%         N/A       99%         5
 Summon Mana Viper        Hex/Summ       3%         N/A       99%         5
 Dispersal                Tloc           1%         N/A       100%        6
 Summon Cactus Giant      Summ           1%         N/A       100%        6
 Disjunction              Tloc           1%         N/A       100%        8


Dungeon Overview and Level Annotations

Branches:
Dungeon (4/15)
 Temple: D:4-7

Altars:
Xom
Yredelemnul


Innate Abilities, Weirdness & Mutations

You are a tree.
Your roots penetrate the ground, keeping you stationary.
You cannot be teleported.
You are immune to unholy pain and torment.
Your maximum health is greatly increased.
Your equipment is partially melded.
((You have very sharp teeth.))
Your uncanny sense of smell can sniff out nearby items.
Your experience applies equally to all skills.


Message History

You barely miss something. Something hits you but does no damage.
You closely miss something.
You hear some strange, mumbled words.
A magic dart appears from out of thin air!
The magic dart hits you!
You hit something. Your bite misses something.
Something hits you but does no damage.
You closely miss something.
You hear some strange, mumbled words.
A puff of flame appears from out of thin air!
The puff of flame hits you.
You punch something!
Reactivating autopickup.
You feel a bit more experienced.
You closely miss the orc warrior.
The orc warrior hits you with a +0 battleaxe!!
You hit the orc warrior but do no damage.
You bite the orc warrior.
The orc warrior is lightly wounded.
You hit the orc warrior.
You bite the orc warrior, but do no damage.
The orc warrior is lightly wounded.
The orc warrior completely misses you.
You hit the orc warrior but do no damage.
The orc warrior is lightly wounded.
The orc warrior hits you with a +0 battleaxe!
* * * LOW HITPOINT WARNING * * *
Your transformation has ended.
You turn into a tree.
Your +0 leather armour melds into your body.
Your roots penetrate the ground.
The orc warrior hits you but does no damage.
You closely miss the orc warrior.
The orc warrior is lightly wounded.
The orc warrior hits you with a +0 battleaxe.
* * * LOW HITPOINT WARNING * * *
You completely miss the orc warrior.
The orc warrior is lightly wounded.
The orc warrior hits you with a +0 battleaxe!
You die...

#.####.#†# #.#
#..##
#.##...#.# #.#
#..##
#.##.###.# #.#
#... #.##.# #.#
...# #.##.# #.#
.....
#.##.###.#
##...#
#...#....#
##...
####.##### #♣#
#o# #.# #)# ∆
...............
.######...)....
#....K!##
#:###o..h #.#
#.##


You could see an orc warrior.

Vanquished Creatures
  A hound (D:4)
  An iguana (D:4)
  2 orc wizards (D:4)
  7 adders
  3 dart slugs
  4 orcs
  5 ball pythons
  6 bats
  2 endoplasms (D:1)
  2 giant cockroaches (D:1)
  6 goblins
  2 hobgoblins (D:1)
  11 kobolds
  4 quokkas
  12 frilled lizards
  7 rats
75 creatures vanquished.

Vanquished Creatures (others)
  An adder (D:3)
  An orc (D:3)
  A quokka (D:3)
  A kobold (D:3)
4 creatures vanquished.

Grand Total: 79 creatures vanquished

Notes
Turn   | Place    | Note
-------+----------+-------------------------------------------
     0 | D:1      | senseless the Gnoll Shapeshifter began the quest for the
                  | Orb.
     0 | D:1      | Reached XP level 1. HP: 17/17 MP: 1/1
    53 | D:1      | Reached XP level 2. HP: 22/23 MP: 2/2
   368 | D:1      | Reached XP level 3. HP: 26/28 MP: 3/3
   398 | D:1      | Learned a level 1 spell: Magic Dart
   495 | D:1      | Reached skill level 1 in Invocations
   964 | D:2      | Reached skill level 1 in Short Blades
   964 | D:2      | Reached skill level 1 in Long Blades
   964 | D:2      | Reached skill level 1 in Axes
   964 | D:2      | Reached skill level 1 in Maces & Flails
   964 | D:2      | Reached skill level 1 in Polearms
   964 | D:2      | Reached skill level 1 in Staves
   964 | D:2      | Reached skill level 1 in Ranged Weapons
   964 | D:2      | Reached skill level 1 in Throwing
   964 | D:2      | Reached skill level 1 in Armour
   964 | D:2      | Reached skill level 1 in Stealth
   964 | D:2      | Reached skill level 1 in Shields
   964 | D:2      | Reached skill level 1 in Spellcasting
   964 | D:2      | Reached skill level 1 in Evocations
  1051 | D:2      | Reached XP level 4. HP: 31/34 MP: 5/5
  1894 | D:3      | Reached skill level 1 in Conjurations
  1894 | D:3      | Reached skill level 1 in Hexes
  1894 | D:3      | Reached skill level 1 in Summonings
  1894 | D:3      | Reached skill level 1 in Necromancy
  1894 | D:3      | Reached skill level 1 in Translocations
  1894 | D:3      | Reached skill level 1 in Fire Magic
  1894 | D:3      | Reached skill level 1 in Ice Magic
  1894 | D:3      | Reached skill level 1 in Air Magic
  1894 | D:3      | Reached skill level 1 in Earth Magic
  1894 | D:3      | Reached skill level 1 in Alchemy
  2036 | D:3      | Found a basalt altar of Yredelemnul.
  2648 | D:3      | Found a shimmering altar of Xom.
  2653 | D:3      | Reached XP level 5. HP: 39/40 MP: 0/7
  3166 | D:3      | Found a faded altar of an unknown god.
  3524 | D:4      | Noticed an orc warrior
  3528 | D:4      | Reached XP level 6. HP: 47/47 MP: 3/8
  3543 | D:4      | Mangled by an orc warrior

Illustrated notes

Levels and vault maps discovered:
D:1:      lemuel_arrival_rhombus, layout_rooms, lexackson_kobold_supper
D:2:      layout_basic, minivault_5
D:3:      wander_river, layout_basic, mainiacjoe_overflow_small_starburst,
          xom_confusion_cloud, hellmonk_ecumenical_altar_pennies_from_heaven
D:4:      layout_loops_ring, gammafunk_ghost_gnarly_gnolls

Skill      XL: |  1  2  3  4  5 |
---------------+----------------+-----
Invocations    | 1 2 |  2.1
Short Blades   | 1 |  1.9
Long Blades    | 1 |  1.9
Axes           | 1 |  1.9
Maces & Flails | 1 |  1.9
Polearms       | 1 |  1.9
Staves         | 1 |  1.9
Ranged Weapons | 1 |  1.9
Throwing       | 1 |  1.9
Armour         | 1 |  1.9
Stealth        | 1 |  1.9
Shields        | 1 |  1.9
Spellcasting   | 1 |  1.9
Evocations     | 1 |  1.9
Conjurations   | 1 |  1.5
Hexes          | 1 |  1.5
Summonings     | 1 |  1.5
Necromancy     | 1 |  1.5
Translocations | 1 |  1.5
Fire Magic     | 1 |  1.5
Ice Magic      | 1 |  1.5
Air Magic      | 1 |  1.5
Earth Magic    | 1 |  1.5
Alchemy        | 1 |  1.5
Fighting       | 3 |  3.2
Dodging        | |  4.9
Unarmed Combat | |  6.8
Shapeshifting  | |  6.7

Action                     |  1- 3 |  4- 6 || total
---------------------------+-------+-------++-------
  Melee: Unarmed           |   227 |    63 ||   290
         Bite              |    35 |     5 ||    40
         Punch             |    12 |     3 ||    15
   Cast: Magic Dart        |       |    62 ||    62
    Use: Potion            |       |     1 ||     1
   Stab: Sleeping          |     1 |       ||     1
 Armour: Animal skin       |     3 |       ||     3
         Leather armour    |    27 |    31 ||    58
         Skin              |       |     3 ||     3
  Dodge: Dodged            |    25 |    29 ||    54
   Form: Dragon            |       |     2 ||     2
         Beast             |       |     2 ||     2

Table legend: (Time is in decaauts)
 A = Elapsed time spent in this place.
 B = Non-inter-level travel time spent in this place.
 C = Inter-level travel time spent in this place.
 D = Time resting spent in this place.
 E = Time spent auto-exploring this place.
 F = Levels seen in this place.
 G = Mean time per level.
                   A        B        C        D        E       F      G
               +--------+--------+--------+--------+--------+-----+--------+
         Total |   3507 |   3324 |    183 |    185 |   2477 |   4 |  876.8 |
       Dungeon |   3507 |   3324 |    183 |    185 |   2477 |   4 |  876.8 |
               +--------+--------+--------+--------+--------+-----+--------+

Top non-repeatable levels by time:
     D:3: 1492 daAuts
     D:2: 988 daAuts
     D:1: 793 daAuts
     D:4: 233 daAuts
